 Dungeon Crawl Stone Soup version 0.23.1 (webtiles) character file.

Game seed: 468740335964187841

37 Borgoz the Sneak (level 3, -6/19 HPs)
             Began as a Kobold Enchanter on Mar 7, 2019.
             Killed from afar by a raiju (15 damage)
             ... with a living lightning
             ... on level 2 of the Abyss.
             The game lasted 00:03:45 (1819 turns).

Borgoz the Sneak (Kobold Enchanter)                 Turns: 1819, Time: 00:03:45

Health: -6/19      AC: 10    Str: 11    XL:     3   Next: 60%
Magic:  4/6        EV: 13    Int: 16    God:
Gold:   138        SH:  0    Dex: 15    Spells: 3/6 levels left

rFire    . . .     SeeInvis .   a - +1 dagger
rCold    . . .     Gourm    .   (shield restricted)
rNeg     . . .     Faith    .   o - +4 ring mail "Xiuqiwivvo" {Str+5}
rPois    .         Spirit   .   (no helmet)
rElec    .         Reflect  .   l - +0 cloak
rCorr    .         Harm     .   (no gloves)
MR       .....                  (no boots)
Stlth    ++........             (no amulet)
HPRegen  0.06/turn              (no ring)
MPRegen  0.10/turn              (no ring)

@: very slightly contaminated
A: small, carnivore
a: no special abilities


You were on level 2 of the Abyss.
You were completely stuffed.

You visited 1 branch of the dungeon, and saw 3 of its levels.
You visited the Abyss 1 time.

You collected 138 gold pieces.

Inventory:

Hand Weapons
 a - a +1 dagger (weapon)
Armour
 j - a +0 leather armour
 l - a +0 cloak (worn)
 o - the +4 ring mail "Xiuqiwivvo" (worn) {Str+5}
   (You found it on level 1 of the Abyss)

   It affects your strength (+5).
Scrolls
 g - a scroll of remove curse {unknown}
 m - 2 scrolls of enchant armour
 n - a scroll of teleportation {unknown}
Potions
 e - a potion of ambrosia
 f - a potion of curing
 h - 2 potions of agility
 i - a potion of might
Comestibles
 d - 2 rations
 k - a chunk of flesh


   Skills:
 * Level 2.9 Short Blades
 + Level 2.5 Dodging
 + Level 4.8 Stealth
 + Level 2.2 Spellcasting
 + Level 3.2 Hexes


You had 3 spell levels left.
You knew the following spells:

 Your Spells              Type           Power        Failure   Level  Hunger
a - Corona                Hex            ##.....      13%         1    #......
b - Ensorcelled Hibernat  Hex/Ice        #.....       36%         2    ###....

Your spell library contained the following spells:

 Spells                   Type           Power        Failure   Level  Hunger
 Confuse                  Hex            ##......     36%         3    ###....
 Tukima's Dance           Hex            ##......     36%         3    ###....
 Dazzling Spray           Conj/Hex       #.....       58%         3    ###....


Dungeon Overview and Level Annotations

Branches:
Dungeon (3/15)

Altars:
Xom


Innate Abilities, Weirdness & Mutations

You are small and have problems with some larger weapons.
You are carnivorous and can eat meat at any time.


Message History

Casting: Ensorcelled Hibernation (safe; 36% risk of failure)
Confirm with . or Enter, or press ? or * to list all spells.
Aiming: Ensorcelled Hibernation (safe; 36% risk of failure)
Press: ? - help, Shift-Dir - straight line, f - raiju
Aim: a raiju (blue smoke, chance to defeat MR: 38%)
You miscast Ensorcelled Hibernation.
You are very lightly contaminated with residual magic.
Nothing appears to happen.
A raiju comes into view.
The raiju bursts into living lightning!
The living lightning misses the raiju.
The living lightning hits you!
Ouch! That really hurt!
The living lightning misses you.
The raiju blinks!
The raiju bursts into living lightning!
The living lightning hits the ufetubus!
The ufetubus dies!
The living lightning hits the raiju.
The raiju completely resists.
The living lightning hits you!
Ouch! That really hurt!
You die...

... #####...## ##
.#.....##..#
#......... ...#####
#X#.......#.####.#∩.
# # ...#...
.......#. ##
X§#.##..#..#.... .§
#.##..####..# ## #
.#...######
###.#..#@h.#
###.###h## #.#.#§..#
#..##R...h. ##.
○.§...# ##° ####...
##.


You could see 3 raiju.

Vanquished Creatures
  4 orcs
  5 bats
  3 giant cockroaches
  4 goblins
  5 hobgoblins
  5 frilled lizards
  2 kobolds (D:1)
  2 rats
30 creatures vanquished.

Vanquished Creatures (others)
  An ufetubus (Abyss:2)
1 creature vanquished.

Grand Total: 31 creatures vanquished

Notes
Turn   | Place    | Note
-------+----------+-------------------------------------------
     0 | D:1      | Borgoz the Kobold Enchanter began the quest for the Orb.
     0 | D:1      | Reached XP level 1. HP: 10/10 MP: 3/3
   280 | D:1      | Reached XP level 2. HP: 9/15 MP: 5/5
   546 | D:1      | Learned a level 2 spell: Ensorcelled Hibernation
   886 | D:1      | Reached XP level 3. HP: 19/19 MP: 6/6
  1626 | D:3      | Found a shimmering altar of Xom.
  1707 | D:3      | Cast into level 1 of the Abyss (orc)
  1725 | Abyss:1  | Got a pitted ring mail
  1729 | Abyss:1  | Identified the +4 ring mail "Xiuqiwivvo" {Str+5} (You found
                  | it on level 1 of the Abyss)
  1755 | Abyss:1  | Noticed a small abomination
  1757 | Abyss:1  | Noticed a chaos spawn
  1796 | Abyss:2  | Noticed a large abomination
  1811 | Abyss:2  | Noticed an efreet
  1814 | Abyss:2  | Noticed a raiju
  1814 | Abyss:2  | Noticed a raiju
  1819 | Abyss:2  | Noticed a raiju
  1819 | Abyss:2  | Killed from afar by a raiju

Skill      XL: |  1  2 |
---------------+-------+-----
Short Blades   | 2 |  2.9
Dodging        | |  2.5
Stealth        | |  4.8
Spellcasting   | |  2.2
Hexes          | |  3.2

Action                   || total
-------------------------++-------
Melee: Dagger            ||   106
 Cast: Ensorcelled Hiber ||     6
  Use: Scroll            ||     7
 Stab: Sleeping          ||    15
       Distracted        ||     1
  Eat: Chunk             ||    12
Armor: Robe              ||    14
       Leather armour    ||     4
       Ring mail         ||     3
Dodge: Dodged            ||    77
